 Dungeon Crawl Stone Soup version 0.16.0-8-gd9ae3a8 (webtiles) character file.

166 RobertPalmer the Twirler (level 5, -2/34 HPs)
             Began as an Octopode Gladiator on Mar 16, 2015.
             Slain by Blork the orc
             ... wielding a +0 scimitar
              (13 damage)
             ... on level 4 of the Dungeon.
             The game lasted 00:04:59 (2560 turns).

RobertPalmer the Twirler (Octopode Gladiator)       Turns: 2560, Time: 00:04:59

Health: -2/34      AC:  1    Str: 14    XL:     5   Next: 47%
Magic:  5/5        EV: 13    Int: 11    God:
Gold:   206        SH:  0    Dex: 13    Spells: 0 memorised, 4 levels left

rFire  . . .     SeeInvis .     a - +0 quarterstaff
rCold  . . .     Clarity  .     (no shield)
rNeg   . . .     SustAb   .     c - +0 hat
rPois  .         Gourm    .     (no amulet)
rElec  .         Spirit   .     (no ring)
rCorr  .         Warding  .     (no ring)
rMut   .         Stasis   .     (no ring)
MR     .....                    (no ring)
Stlth  ++........               (no ring)
                                (no ring)
                                (no ring)
                                (no ring)

@: not resistant to hostile enchantments, unstealthy
A: almost no armour, amphibious, 8 rings, constrict 8, camouflage 1, gelatinous
body 1
a: no special abilities


You were on level 4 of the Dungeon.
You were not hungry.

You visited 1 branch of the dungeon, and saw 4 of its levels.

You collected 206 gold pieces.

Inventory:

Hand weapons
 a - a +0 quarterstaff (weapon)
Missiles
 d - 3 throwing nets {=f, !d}
 q - 3 javelins (quivered)
Armour
 c - a +0 hat (worn)
Jewellery
 l - an uncursed amulet of faith {unknown}
   (You found it on level 4 of the Dungeon)
 o - an uncursed ring of fire {rF+, rC-}
   (You found it on level 2 of the Dungeon)
Scrolls
 b - 5 scrolls of identify
 e - a scroll of noise {unknown}
 h - a scroll of magic mapping {unknown}
 m - a scroll of enchant armour {unknown}
 p - a scroll of remove curse {unknown}
Potions
 j - 2 potions of brilliance {unknown}
 k - a potion of curing {unknown}
 n - 2 potions of poison {unknown}
 r - a potion of haste {unknown}
Comestibles
 f - 5 bread rations
 g - 2 beef jerkies
 i - 2 meat rations
 s - 3 chunks of flesh


   Skills:
 - Level 2.0 Fighting
 + Level 6.0 Staves
 - Level 2.0 Throwing
 - Level 3.0 Dodging


You had 4 spell levels left.
You didn't know any spells.

Dungeon Overview and Level Annotations

Branches:
Dungeon (4/15)
 Temple: D:4-7

Altars:
Okawaru

Annotations:
D:3 Bikalo's ghost, average GrFi
D:4 Blork the orc


Innate Abilities, Weirdness & Mutations

You cannot wear most types of armour.
You are amphibious.
You can wear up to eight rings at the same time.
You can use your tentacles to constrict many enemies at once.
Your skin changes colour to match your surroundings (Stealth).
Your rubbery body absorbs attacks (AC +1).


Message History

You closely miss the orc. Your grab misses the orc.
The orc hits you with a club.
You sock the orc!
You kill the orc!
You hit the kobold!
You kill the kobold!
Items here: ( )) † a dagger; a stone; a club; a kobold corpse An orc, an orc priest and an orc wizard come into view.
There are monsters nearby!
There are monsters nearby!
There are monsters nearby!
Items here: ( )) † a dagger; a stone; a club; a kobold corpse You now have 188 gold pieces (gained 11).
n - 2 amethyst potions (gained 1)
You now have 206 gold pieces (gained 18).
An iguana comes into view.
The iguana hisses angrily.
An iguana is nearby!
An iguana is nearby!
A giant gecko zombie comes into view.
You barely miss the iguana. You grab the iguana. You squeeze the iguana!
The iguana is severely wounded.
You constrict the iguana. The iguana closely misses you.
You thump the iguana!!
You kill the iguana!
You have reached level 5!
You feel clever.
A quokka comes into view.
The helpless giant gecko zombie fails to defend itself.
You sock the giant gecko zombie!!
You destroy the giant gecko zombie!
You are alive.
You have 4 tentacles available for constriction.
Your movement speed is average.
Your attack speed is below average.
You are not resistant to hostile enchantments.
You feel unstealthy.
The quokka is too close now for your liking.
The quokka bites you.
You hit the quokka. Your grab misses the quokka. You squeeze the quokka.
You kill the quokka!
You see here a quokka corpse.
You see here a quokka corpse.
You butcher the quokka corpse.
s - 2 chunks of flesh You see here a quokka skeleton.
The orc shouts!
An adder comes into view.
You barely miss the orc. Your grab misses the orc.
The orc hits you with a whip of electrocution.
You hit the orc! You grab the orc.
The orc is almost dead.
You constrict the orc.
You kill the orc!
You sock the adder!!
You kill the adder!
You see here a whip of electrocution.
f - 5 bread rations (gained 1)
A hound comes into view.
The hound barks!
You sock the hound!!
You kill the hound!
Your Staves skill increases to level 6!
Found a stone staircase leading up.
You see here a hound corpse.
You butcher the hound corpse.
s - 3 chunks of flesh (gained 1)
j - 2 sapphire potions (gained 1) Marking area around Blork the orc as unsafe for travelling.
Blork the orc and a skeleton come into view.
Found a stone staircase leading up.
Blork the orc gestures at you while chanting.
The puff of flame hits you!
An orc comes into view. It is wielding a mace.
The orc shouts!
Blork the orc hits you with a scimitar.
You barely miss Blork the orc. You grab Blork the orc.
You constrict Blork the orc, but do no damage.
The giant frog skeleton hits you but does no damage.
Blork the orc drinks a potion.
Blork the orc suddenly seems more resistant.
You hit Blork the orc.
Blork the orc is lightly wounded.
You constrict Blork the orc.
The giant frog skeleton closely misses you.
Blork the orc misses you.
The giant frog skeleton closely misses you.
You release your grip on Blork the orc.
A goblin comes into view.
Blork the orc points at you and mumbles some strange words.
The magic dart hits you!
A hobgoblin comes into view. It is wielding a club.
The hobgoblin shouts!
You hit Blork the orc! Your grab misses Blork the orc.
Blork the orc is heavily wounded.
The goblin shouts!
The giant frog skeleton hits you. The orc barely misses you.
Blork the orc hits you with a scimitar!
You die...

### ..# #<# #.# #
#.#
#.###.##o####.#
#.g....@o...g.#
#.##...#Z####.#
#...#.# ##
..##...#.### ...
#...........## ..
#..##8..8##..####
# #. #..#8....
##....# ##### #
####.###..###..#
####.###...###
.........#....
#.#...#...#


You could see Blork the orc, an orc, a hobgoblin, a goblin and a giant frog
skeleton.

Vanquished Creatures
  An iguana (D:4)
  A hound (D:4)
  3 adders
  A gnoll (D:3)
  A worm (D:2)
  2 giant geckos
  3 orcs
  9 bats
  3 giant cockroaches
  2 hobgoblins (D:1)
  7 jackals (D:2)
  13 kobolds
  A quokka (D:4)
  A ball python (D:3)
  A giant gecko zombie (D:4)
  4 giant newts
  8 goblins
  9 rats
70 creatures vanquished.

Notes
Turn   | Place    | Note
--------------------------------------------------------------
     0 | D:1      | RobertPalmer, the Octopode Gladiator, began the quest for the Orb.
     0 | D:1      | Reached XP level 1. HP: 14/14 MP: 1/1
   236 | D:1      | Reached XP level 2. HP: 12/19 MP: 2/2
   563 | D:1      | Reached skill level 4 in Staves
  1007 | D:2      | Found an iron altar of Okawaru.
  1009 | D:2      | Reached XP level 3. HP: 22/24 MP: 3/3
  1506 | D:2      | Reached XP level 4. HP: 26/29 MP: 4/4
  1635 | D:2      | Reached skill level 5 in Staves
  1909 | D:3      | Noticed Bikalo's ghost (average GrFi)
  2483 | D:4      | Reached XP level 5. HP: 34/34 MP: 5/5
  2520 | D:4      | Reached skill level 6 in Staves
  2553 | D:4      | Noticed Blork the orc
  2560 | D:4      | Slain by Blork the orc

Action                   |  1- 3 |  4- 6 || total
-------------------------+-------+-------++-------
Melee: Quarterstaff      |    66 |    52 ||   118
Throw: Throwing net      |     5 |       ||     5
       Javelin           |       |     5 ||     5
  Use: Scroll            |     1 |       ||     1
 Stab: Sleeping          |     4 |     3 ||     7
       Distracted        |     1 |       ||     1
  Eat: Chunk             |     2 |     3 ||     5

Vault maps used:
D:1:      dpeg_arrival_round_a, serial_aquarium, aquarium_bridge_long_joined,
          aquarium_bridge_straight, aquarium_window_2, aquarium_window_fake,
          aquarium_window_fake, aquarium_window_1, aquarium_view_2c,
          aquarium_view_2d, aquarium_pool_five, st_stairs_14,
          minmay_misc_feat_enclosed
D:2:      okawaru_trees_1
D:4:      nicolae_overflow_hidden_temple, minitemple, first_bread,
          uniq_blork_the_orc

Table legend:
 A = Turns spent in this place as a percentage of turns spent in the entire game.
 B = Non-inter-level travel turns spent in this place as a percentage of non-inter-level travel turns spent in the entire game.
 C = Inter-level travel turns spent in this place as a percentage of turns spent in this place.
 D = Turns resting spent in this place as a percentage of non-inter-level travel turns spent in this place.
 E = Turns spent auto-exploring this place as a percentage of non-inter-level travel turns spent in this place.
 F = Non-inter-level travel turns spent in this place divided by the number of levels of this place that you've seen.
                   A       B       C       D       E      F
               +-------+-------+-------+-------+-------+----------------------
         Total | 100.0 | 100.0 |   0.6 |   1.2 |   7.6 | 221.5
       Dungeon | 100.0 | 100.0 |   0.6 |   1.2 |   7.6 | 221.5
               +-------+-------+-------+-------+-------+----------------------

Table legend:
 A = Kills in this place as a percentage of kills in entire the game.
 B = Kills by you in this place as a percentage of kills by you in the entire game.
 C = Kills by friends in this place as a percentage of kills by friends in the entire game.
 D = Other kills in this place as a percentage of other kills in the entire game.
 E = Experience gained in this place as a percentage of experience gained in the entire game.
 F = Experience gained in this place divided by the number of levels of this place that you have seen.
                   A       B       C       D       E      F
               +-------+-------+-------+-------+-------+----------------------
         Total | 100.0 | 100.0 |  -nan |  -nan | 100.0 |  59.5
       Dungeon | 100.0 | 100.0 |  -nan |  -nan | 100.0 |  59.5
               +-------+-------+-------+-------+-------+----------------------
